 Dungeon Crawl Stone Soup version 0.31.0-7-gf635a9b802 (webtiles) character file.

Game seed: 11540721836635646814

62698 Leszczynek the Brawler (level 13, -5/140 HPs)
             Began as a Troll Enchanter on Jan 23, 2024.
             Was a High Priest of Ru.
             Slain by an eight-headed hydra (6 damage)
             ... on level 5 of the Lair of Beasts.
             The game lasted 00:51:37 (16050 turns).

Leszczynek the Brawler (Troll Enchanter)           Turns: 16050, Time: 00:51:37

Health: -5/140     AC: 10    Str: 21    XL:     13   Next: 65%
Magic:  9/9        EV: 12    Int: 11    God:    Ru [*****.]
Gold:   1176       SH:  0    Dex: 12    Spells: 14/14 levels left

rFire   + .          .
                       - Unarmed
rCold   . . .        Q - orb {light}
rNeg    . . .        T - +0 acid dragon scales
rPois   +            K - +2 hat
rElec   .            (no cloak)
rCorr   +            (gloves unavailable)
SInv    .            (boots unavailable)
Will    .....        A - amulet of regeneration Stlth
                     Y - ring of protection from fire
HPRegen 2.03/turn    s - ring of poison resistance
MPRegen 0.11/turn

%: no passive effects
@: glowing
A: large, unfitting armour, claws 3, low MP 3, regeneration 1, shaggy fur 1,
tough skin 1, no stealth, hated by all, inexperienced 1
a: Renounce Religion, Draw Out Power, Power Leap, Apocalypse


You were on level 5 of the Lair of Beasts.
You worshipped Ru.
Ru was extremely pleased with you.
You visited 2 branches of the dungeon, and saw 18 of its levels.

You collected 1176 gold pieces.

Inventory:

Hand Weapons
 a - a +4 short sword
Missiles
 f - 8 curare-tipped darts
 B - 151 poisoned darts
 J - 11 javelins
 M - 2 throwing nets
 P - 5 large rocks (quivered)
 R - 9 boomerangs
Armour
 w - +0 steam dragon scales
 K - a +2 hat (worn)
 Q - an orb of light (worn)
 T - +0 acid dragon scales (worn)
Jewellery
 s - a ring of poison resistance (right claw)
 x - a ring of resist corrosion
 A - an amulet of regeneration (around neck)
 H - a ring of flight
 Y - a ring of protection from fire (left claw)
Wands
 C - a wand of polymorph (6)
 G - a wand of iceblast (10)
 I - a wand of light (11)
Scrolls
 b - a scroll of acquirement {unknown}
 d - 3 scrolls of noise {!r}
 e - 5 scrolls of teleportation
 g - a scroll of vulnerability {!r}
 i - 2 scrolls of torment {unknown}
 j - 3 scrolls of fear
 m - 5 scrolls of revelation
 q - 2 scrolls of silence {!r}
 t - 2 scrolls of amnesia {unknown}
 y - 2 scrolls of poison {unknown}
 z - 2 scrolls of immolation {!r}
 D - 2 scrolls of blinking
 E - 3 scrolls of enchant armour
 L - a scroll of fog {unknown}
 N - a scroll of butterflies {unknown}
 O - 2 scrolls of enchant weapon {unknown}
Potions
 c - a potion of invisibility
 h - 2 potions of haste
 k - 2 potions of might
 l - a potion of berserk rage {unknown}
 n - 2 potions of attraction
 o - 3 potions of brilliance
 p - 3 potions of lignification {unknown}
 r - 2 potions of mutation {unknown}
 u - 8 potions of curing {@q1}
 v - 7 potions of heal wounds {@q2}
 F - a potion of cancellation {unknown}
 S - 2 potions of ambrosia {unknown}
 V - a potion of enlightenment {unknown}
 X - a potion of resistance {unknown}


   Skills:
 + Level 12.0 Fighting
 - Level 0.7 Short Blades
 - Level 11.4 Throwing
 - Level 8.0 Dodging
 + Level 1.2 Shields
 - Level 15.0 Unarmed Combat
 - Level 1.2 Spellcasting
 - Level 2.0 Hexes
 + Level 3.8 Evocations


You had 14 spell levels left.
You didn't know any spells.
Your spell library contained the following spells:

 Spells                   Type           Power      Damage    Failure   Level
 Apportation              Tloc           0%         N/A       38%         1
 Kiss of Death            Conj/Necr      0%         2d5       38%         1
 Necrotise                Necr           0%         1d4       38%         1
 Shock                    Conj/Air       0%         1d3       38%         1
 Sting                    Conj/Alch      0%         1d3       38%         1
 Ensorcelled Hibernation  Hex/Ice        4%         N/A       38%         2
 Confusing Touch          Hex            5%         N/A       47%         3
 Sigil of Binding         Hex            5%         N/A       47%         3
 Cigotuvi's Dreadful Rot  Necr/Alch/Air  0%         N/A       52%         2
 Lesser Beckoning         Tloc           0%         N/A       52%         2
 Static Discharge         Conj/Air       0%         3-3/arc   52%         2
 Dazzling Flash           Conj/Hex       4%         N/A       63%         3
 Fugue of the Fallen      Necr           0%         N/A       77%         3
 Gell's Gravitas          Tloc           0%         N/A       77%         3
 Ozocubu's Armour         Ice            0%         N/A       77%         3
 Swiftness                Air            0%         N/A       77%         3
 Teleport Other           Tloc           0%         N/A       77%         3
 Anguish                  Hex/Necr       1%         N/A       95%         4
 Dimensional Bullseye     Hex/Tloc       1%         N/A       95%         4
 Airstrike                Air            0%         2d(0-16)  99%         4
 Dispel Undead            Necr           0%         3d6       99%         4
 Iskenderun's Mystic Bla  Conj/Tloc      0%         2d3       99%         4
 Alistair's Intoxication  Alch           0%         N/A       100%        5
 Borgnjor's Vile Clutch   Necr/Erth      0%         N/A       100%        5
 Metabolic Englaciation   Hex/Ice        1%         N/A       100%        5
 Conjure Ball Lightning   Conj/Air       0%         3x3d6     100%        6
 Eringya's Noxious Bog    Alch           0%         4d6       100%        6
 Orb of Destruction       Conj           0%         9d5       100%        7
 Discord                  Hex            2%         N/A       100%        8
 Disjunction              Tloc           0%         N/A       100%        8
 Summon Small Mammal      Summ           Unusable   N/A       N/A         1
 Tukima's Dance           Hex            Unusable   N/A       N/A         3
 Call Canine Familiar     Summ           Unusable   N/A       N/A         3
 Summon Ice Beast         Ice/Summ       Unusable   N/A       N/A         3
 Martyr's Knell           Necr/Summ      Unusable   N/A       N/A         4
 Summon Blazeheart Golem  Fire/Summ      Unusable   N/A       N/A         4
 Summon Lightning Spire   Summ/Air       Unusable   N/A       N/A         4
 Summon Mana Viper        Hex/Summ       Unusable   N/A       N/A         5
 Death Channel            Necr           Unusable   N/A       N/A         6
 Sculpt Simulacrum        Ice/Alch       Unusable   N/A       N/A         6
 Monstrous Menagerie      Summ           Unusable   N/A       N/A         7
 Spellforged Servitor     Conj/Summ      Unusable   N/A       N/A         7

Dungeon Overview and Level Annotations

Branches:
Dungeon (13/15)            Temple (0/1) D:7            Lair (5/5) D:11
  Snake (0/4) Lair:3        Slime (0/5) Lair:4          Orc (0/2) D:11
  Swamp: Lair:2-3    Shoals: Lair:2-3    Vaults: D:13-14

Altars:
Cheibriados
Kikubaaqudgha
Makhleb
Nemelex Xobeh
Qazlal
Ru
Trog
Uskayaw

Annotations:
Lair:2 1 exclusion
Lair:5 1 runed translucent door


Innate Abilities, Weirdness & Mutations

You are too large for most types of armour.
You have claws for hands.
Your magical capacity is extremely low. (-30% MP)
Your natural rate of healing is unusually fast.
You are covered in fur. (AC +1)
You have tough skin. (AC +1)
You cannot be stealthy.
You are hated by all.
You are somewhat inexperienced. (-1 XL)


Message History

Throw: 7 large rocks
Press: ? - help, Q - select action, (/) - cycle Shift-Dir - straight line, f/p - eight-headed hydra
Aim: an eight-headed hydra (moderately wounded, haloed, 97% to hit)
You throw a large rock.
The large rock hits the eight-headed hydra!
The eight-headed hydra is heavily wounded.
You redirect the komodo dragon's attack!
The komodo dragon bites the eight-headed hydra!!
The eight-headed hydra bites you but does no damage.
The eight-headed hydra barely misses you.
The eight-headed hydra bites you but does no damage.
The eight-headed hydra bites you!
The eight-headed hydra closely misses you.
The eight-headed hydra bites you. x2
The eight-headed hydra bites you but does no damage.
Throw: 6 large rocks
Press: ? - help, Q - select action, (/) - cycle Shift-Dir - straight line, f/p - eight-headed hydra
Aim: an eight-headed hydra (severely wounded, haloed, 97% to hit)
You throw a large rock.
The large rock hits the eight-headed hydra and shatters for extra damage!
The eight-headed hydra is almost dead.
The komodo dragon bites you! The eight-headed hydra bites you!
The eight-headed hydra barely misses you.
The eight-headed hydra bites you!
* * * LOW HITPOINT WARNING * * *
The eight-headed hydra bites you!
* * * LOW HITPOINT WARNING * * *
The eight-headed hydra bites you!
* * * LOW HITPOINT WARNING * * *
The eight-headed hydra bites you.
* * * LOW HITPOINT WARNING * * *
The eight-headed hydra barely misses you. x2
The komodo dragon misses you. The eight-headed hydra bites you.
* * * LOW HITPOINT WARNING * * *
The eight-headed hydra bites you but does no damage.
The eight-headed hydra bites you!
* * * LOW HITPOINT WARNING * * *
The eight-headed hydra barely misses you.
The eight-headed hydra bites you.
You die...

#...................# #≈≈≈
##...........#...P### #≈≈#
##.#..............# ###≈≈
#...............#######8##.
###.P...........# #8#8..#.§
##..........### ##......§
#P........######D.....#§
####..).....####.l.......≈≈
#.........@D.#......†..#§§.
##.........l#........##≈≈≈.
#.#........#.####........≈≈
##.........÷### ##.......#≈
###...........# ##.....§#≈
##.#..#........# #8.....##≈
###....)...#P....##
##....##
#...†.##..........###8#8.##
#...####...........#####.≈


You could see an eight-headed hydra and a komodo dragon.

Vanquished Creatures
  Gastronok (D:10)
  7 hydras
  A centaur warrior (D:13)
  5 two-headed ogres
  3 boulder beetles
  14 death yaks
  Urug (D:10)
  2 skysharks
  A manticore (D:12)
  2 ugly things (D:12)
  2 cyclopes
  8 black mambas
  12 elephants
  10 cane toads
  A gargoyle (D:10)
  4 kobold demonologists
  2 rime drakes
  An unseen horror (D:12)
  17 komodo dragons
  7 trolls
  A merfolk (D:10)
  A hornet (D:8)
  9 polar bears
  A dream sheep (D:12)
  10 blink frogs
  A raiju (shapeshifter) (D:13)
  A shadow (D:11)
  4 slime creatures
  2 wraiths (D:12)
  33 yaks
  3 wyverns
  5 basilisks
  4 humans (D:13)
  Eustachio (D:5)
  4 vampire mosquitoes
  4 steam dragons
  An acid dragon (D:12)
  5 nagas (Lair:3)
  2 swamp worms (Lair:2)
  Duvessa (D:4)
  10 water moccasins
  6 orc warriors
  3 black bears
  2 ice beasts (D:8)
  9 wolves
  3 ogres
  9 centaurs
  25 kobold brigands
  11 bullfrogs
  3 gnoll sergeants
  A scorpion (D:5)
  18 wights
  Dowan (D:4)
  6 killer bees (D:8)
  3 electric eels
  A howler monkey (D:6)
  2 bombardier beetles (D:5)
  3 gnoll boudas
  9 hounds
  3 jellies
  5 orc priests
  A sleepcap (D:6)
  5 hell rats (Lair:3)
  Natasha (twice) (D:2 D:1)
  5 iguanas
  6 orc wizards
  25 gnolls
  7 adders
  2 shadow imps
  2 white imps (D:6)
  2 ufetubi (D:5)
  3 ribbon worms
  3 dart slugs
  39 orcs
  7 ball pythons
  6 endoplasms
  3 giant cockroaches
  4 goblins
  3 hobgoblins
  8 jackals
  22 kobolds
  7 quokkas
  5 bats
  4 frilled lizards
  4 rats
502 creatures vanquished.

Vanquished Creatures (others)
  A yak (Lair:3)
  An acid dragon (D:10)
  A bullfrog (Lair:2)
  A kobold (D:11)
4 creatures vanquished.

Grand Total: 506 creatures vanquished

Notes
Turn   | Place    | Note
-------+----------+-------------------------------------------
     0 | D:1      | Leszczynek the Troll Enchanter began the quest for the Orb.
     0 | D:1      | Reached XP level 1. HP: 16/16 MP: 1/1
   154 | D:1      | Reached skill level 1 in Unarmed Combat
   265 | D:1      | Reached XP level 2. HP: 24/26 MP: 2/2
   494 | D:1      | Reached skill level 1 in Fighting
   848 | D:2      | Reached skill level 2 in Unarmed Combat
   865 | D:2      | Found a faded altar of an unknown god.
   881 | D:2      | Reached XP level 3. HP: 33/33 MP: 3/3
   892 | D:2      | Prayed at the altar of an unknown god.
   892 | D:2      | Became a worshipper of Ru the Awakened
   910 | D:2      | Gained mutation: Your magical capacity is low. (-10% MP)
                  | [Ru sacrifice]
   916 | D:2      | Noticed Natasha
   929 | D:2      | Killed Natasha
  1050 | D:2      | Reached XP level 4. HP: 39/41 MP: 4/4
  1091 | D:2      | Reached skill level 3 in Unarmed Combat
  1129 | D:2      | Noticed Natasha
  1265 | D:2      | HP: 6/42 [cerulean imp/+2 spear[Natasha] (5)]
  1273 | D:1      | Killed Natasha
  1590 | D:3      | Reached skill level 2 in Fighting
  1799 | D:3      | Reached XP level 5. HP: 49/49 MP: 5/5
  1915 | D:3      | Found a sparkling altar of Nemelex Xobeh.
  2089 | D:3      | Reached skill level 4 in Unarmed Combat
  2296 | D:4      | Noticed Dowan
  2296 | D:4      | Found a burning altar of Makhleb.
  2468 | D:4      | You fall into a shaft and drop 2 floors!
  2474 | D:5      | Entered Level 5 of the Dungeon
  2540 | D:5      | Noticed a water moccasin
  2688 | D:4      | Gained mutation: You are hated by all. [Ru sacrifice]
  2688 | D:4      | Reached * piety under Ru
  2688 | D:4      | Reached ** piety under Ru
  2819 | D:4      | Noticed Duvessa
  2845 | D:4      | Killed Duvessa
  2846 | D:4      | Reached skill level 5 in Unarmed Combat
  2846 | D:4      | Reached XP level 6. HP: 46/59 MP: 6/6
  2972 | D:4      | Reached skill level 3 in Fighting
  3022 | D:4      | Killed Dowan
  3030 | D:4      | Found a hide-covered altar of Uskayaw.
  3153 | D:5      | Reached skill level 6 in Unarmed Combat
  3153 | D:5      | Reached XP level 7. HP: 59/67 MP: 6/6
  3517 | D:5      | Reached skill level 4 in Fighting
  3517 | D:5      | Reached skill level 7 in Unarmed Combat
  3651 | D:5      | Reached XP level 8. HP: 60/78 MP: 7/7
  4042 | D:5      | Noticed Eustachio
  4050 | D:5      | Killed Eustachio
  4051 | D:5      | Reached skill level 8 in Unarmed Combat
  4329 | D:5      | Reached skill level 2 in Dodging
  4380 | D:6      | Reached skill level 5 in Fighting
  4440 | D:6      | Reached skill level 3 in Dodging
  4632 | D:6      | Found a bloodstained altar of Trog.
  4838 | D:6      | Found an ancient bone altar of Kikubaaqudgha.
  4851 | D:6      | Found a snail-covered altar of Cheibriados.
  4870 | D:6      | Reached XP level 9. HP: 88/88 MP: 8/8
  5176 | D:7      | Reached skill level 4 in Dodging
  5242 | D:7      | Reached skill level 9 in Unarmed Combat
  5429 | D:7      | Noticed a two-headed ogre
  5438 | D:7      | HP: 16/89 [two-headed ogre/+0 giant spiked club (8)]
  5440 | D:7      | Killed a two-headed ogre
  5441 | D:7      | Reached skill level 6 in Fighting
  5464 | D:7      | Gained mutation: Your magical capacity is very low. (-20%
                  | MP) [Ru sacrifice]
  5644 | D:7      | Reached skill level 10 in Unarmed Combat
  5901 | D:7      | Found a staircase to the Ecumenical Temple.
  6020 | D:8      | Reached skill level 1 in Throwing
  6071 | D:8      | Reached skill level 2 in Throwing
  6073 | D:8      | Reached skill level 7 in Fighting
  6124 | D:8      | Reached XP level 10. HP: 101/102 MP: 8/8
  6445 | D:8      | Reached skill level 3 in Throwing
  6817 | D:9      | Reached skill level 4 in Throwing
  7131 | D:9      | Gained mutation: You cannot be stealthy. [Ru sacrifice]
  7131 | D:9      | Reduced skill Stealth to level 0
  7131 | D:9      | Reached *** piety under Ru
  7276 | D:10     | Entered Level 10 of the Dungeon
  7343 | D:10     | Reached skill level 5 in Throwing
  7412 | D:10     | Reached skill level 11 in Unarmed Combat
  7431 | D:10     | Reached skill level 6 in Throwing
  7509 | D:10     | Reached skill level 8 in Fighting
  7572 | D:10     | i'm training throwing but i have nothing to throw
  7572 | D:10     | lmao
  7586 | D:10     | Noticed a two-headed ogre
  7598 | D:10     | Killed a two-headed ogre
  7599 | D:10     | Reached XP level 11. HP: 86/111 MP: 9/9
  7626 | D:10     | Noticed Urug
  7627 | D:10     | that's gonna hurt as all fuck
  7627 | D:10     | if i even survive
  7643 | D:10     | Killed Urug
  7646 | D:10     | eveningstar, huh
  7646 | D:10     | oh well
  7648 | D:10     | Noticed Gastronok
  7649 | D:10     | uh
  7682 | D:10     | Killed Gastronok
  7683 | D:10     | Reached skill level 7 in Throwing
  8033 | D:10     | Found a stormy altar of Qazlal.
  8455 | D:11     | Found a staircase to the Lair.
  8482 | D:11     | Reached skill level 12 in Unarmed Combat
  8487 | D:11     | Reached skill level 8 in Throwing
  8530 | D:11     | Reached skill level 9 in Fighting
  8556 | D:11     | HP: 22/115 [orc warrior/+1 dire flail of protection (11)]
  8683 | D:11     | Noticed a boulder beetle
  8713 | D:11     | Killed a boulder beetle
  8821 | D:11     | Found a staircase to the Orcish Mines.
  8876 | D:11     | HP: 20/115 [ogre/+0 giant spiked club (20)]
  8882 | D:11     | HP: 15/110 [orc warrior/+0 glaive (15)]
  8887 | D:11     | HP: 18/110 [orc/+0 mace (7)]
  8892 | D:11     | orc hits with !
  8892 | D:11     | of course it does
  8933 | D:11     | 2 javelins out of 6 thrown mulch
  8933 | D:11     | because of course they do
  9024 | D:11     | Reached XP level 12. HP: 120/124 MP: 10/10
  9100 | D:11     | Gained mutation: You are somewhat inexperienced. (-1 XL)
                  | [Ru sacrifice]
  9100 | D:11     | Reached XP level 11. HP: 115/115 MP: 9/9
  9100 | D:11     | Reached **** piety under Ru
  9100 | D:11     | Reached ***** piety under Ru
  9110 | D:11     | Noticed a boulder beetle
  9130 | D:11     | Killed a boulder beetle
  9265 | D:11     | Reached skill level 13 in Unarmed Combat
  9410 | Lair:1   | Entered Level 1 of the Lair of Beasts
  9415 | Lair:1   | Reached skill level 10 in Fighting
 10419 | D:12     | Reached skill level 5 in Dodging
 10637 | D:12     | Noticed a two-headed ogre
 10654 | D:12     | Killed a two-headed ogre
 10718 | D:12     | Reached skill level 9 in Throwing
 10806 | D:12     | Noticed Nessos
 10807 | D:12     | Nessos changed into Nessos the dream sheep
 10807 | D:12     | Noticed Nessos
 10812 | D:12     | Killed Nessos the dream sheep
 10868 | D:12     | Noticed a two-headed ogre
 10893 | D:12     | Killed a two-headed ogre
 11017 | D:12     | Gained mutation: Your magical capacity is extremely low.
                  | (-30% MP) [Ru sacrifice]
 11208 | D:13     | Noticed a boulder beetle
 11218 | D:13     | Killed a boulder beetle
 11265 | D:13     | Noticed a two-headed ogre
 11300 | D:13     | Killed a two-headed ogre
 11301 | D:13     | Reached skill level 6 in Dodging
 11321 | D:13     | Noticed a centaur warrior
 11330 | D:13     | Killed a centaur warrior
 11383 | D:13     | Reached skill level 11 in Fighting
 11388 | D:13     | Noticed an ironbound frostheart
 11411 | D:13     | i don't want to fight that guy for sure
 11523 | Lair:2   | Reached XP level 12. HP: 115/130 MP: 8/8
 11789 | Lair:2   | Reached skill level 10 in Throwing
 12171 | Lair:2   | Reached skill level 11 in Throwing
 12276 | Lair:2   | oops, too much throwing
 12335 | Lair:2   | fuck off
 13324 | Lair:3   | Reached skill level 1 in Evocations
 13339 | Lair:3   | Reached skill level 7 in Dodging
 13339 | Lair:3   | Reached skill level 14 in Unarmed Combat
 13522 | Lair:3   | Found a staircase to the Snake Pit.
 14155 | Lair:3   | Reached XP level 13. HP: 118/137 MP: 9/9
 14366 | Lair:4   | Reached skill level 2 in Evocations
 15009 | Lair:4   | Found a staircase to the Slime Pits.
 15291 | Lair:5   | Entered Level 5 of the Lair of Beasts
 15456 | Lair:5   | Reached skill level 3 in Evocations
 15627 | Lair:5   | Reached skill level 15 in Unarmed Combat
 15732 | Lair:5   | Reached skill level 12 in Fighting
 15732 | Lair:5   | Reached skill level 8 in Dodging
 15960 | Lair:5   | Found a large runed translucent door.
 15986 | Lair:5   | Reached skill level 1 in Shields
 16050 | Lair:5   | HP: 24/140 [eight-headed hydra (8)]
 16050 | Lair:5   | HP: 1/140 [eight-headed hydra (13)]
 16050 | Lair:5   | Slain by an eight-headed hydra

Illustrated notes #####...###.#..#.#..##.#..... #...# #...............### #...# ###.####.###.#### #...# #.# #..<....# #...# #.# #..##.#.# ##.####..##.#.#### #...........#.##.. #.####...###.....# #@# #........#### ..........##.#......# .(..###.#.##.######## .# #.#.##.# #.. ...# ### #### Turn 7572 on D:10: i'm training throwing but i have nothing to throw #...# #....... #...# ###.#### #...# #.# # #...# #.# # ####...## ##.#### #.......# #...... # ##..##.#.# #.####. ####.#......#.###.####. #.....@..#..........##. #.##.##....(..###.#.##. .. #.##.##.# #.#.##. ..o #.......# #...... ##. ####..### ###.### # ##.# #.# ###.### #.# #.....# ###.# #.....# #...# Turn 7627 on D:10: that's gonna hurt as all fuck #...# #.# #. #...# #.# #. ####...## ##.####. #.......# #....... # ##..##.#.# #.####.. ####.#......#.###.####.. #........#..........##.# #.##.##....(..###.#.##.# .. #@##.##.# #.#.##.# ..o #.......# #......# ##. ####..### ###.#### # ##.# #.# ###.### #.# #.....# ###.# #.....# #...# #.....###.### #.......)...# Turn 7646 on D:10: eveningstar, huh #...# #....... #...# ###.#### #...# #.# # #...# #.# # ####...## ##.#### #.......# #...... # ##..##.#.# #.####. ####.#......#.###.####. #.....@..#..........##. #.##.##....(..###.#.##. .. #)##.##.# #.#.##. ... #.......# #...... ##w ####..### ###.### # ##.# #.# ###.### #.# #.....# ###.# #.....# #...# Turn 7649 on D:10: uh #......# ##...~ .###......# #....~ ..........####..~~≈ ####.......))....~≈ ###...#.)....~~~ ##..#......~~~ #..#.......~≈ ############.O........~~ .......@o.oo.##........~ .##############........~ #........~≈ #........~≈ #.......~.~ #.........~ ###........ #........ #........ Turn 8892 on D:11: orc hits with ! #......# # .###......# # ..........#### ####.......)). ###...#.).. ##..#.... #..#.... #############....... #..@).)).)....##.... #.##############.... #. #..... #. #..... #. #..... ## #..... ###... #... #... Turn 8933 on D:11: 2 javelins out of 6 thrown mulch #. #......... #.# #####.#### ##.######## #.# ## ##.........# #.# .. ##.....####.# #.# ##.#.....# #.# #.# .........# ###.###.# #.<...###.......# ##.@.......)##### ###.######## #.####### #)......### #p.####.#.. #.)# #.#.# ######..####.#.# ..........##.#.##### ######..#........)†# Turn 11411 on D:13: i don't want to fight that guy for sure

†.....................♣~~§§ ♣
.....#P....##.........♣♣~§§§ ♣
.......................♣§.D♣♣ ♣
............#..........♣♣§.. ♣
............#...........♣♣♣.. ♣♣♣
............#.............♣♣♣♣♣..
......##+P#........#.........♣...
.................†....#P..#P.#...
...............†@................
..#############...#############..
..# ♣.♣ ♣♣♣♣♣.....♣♣♣♣♣ #..
..#♣♣.♣♣♣♣.♣♣.#####†♣♣l♣♣♣.♣ #..
#.#..♣.†..♣.♣.#...#†♣.♣.lS♣ #..
#.#♣♣.♣♣#♣♣♣..##'##..♣♣♣♣♣.♣ #..
#.# ♣.♣ ♣♣♣.....♣♣♣ #.. ..# #.#
####### #.. ..# ♣.♣♣ #..


Turn 12276 on Lair:2: oops, too much throwing #### # ### ## ##### #####..#####
### #P####.###.P#.####.##....##.###.# .................................
..................^....÷......... ##.#.#######....P...♣♣♣♣♣♣♣..♣♣.. #.#..#
#.....@(..♣≈≈~~~~...♣♣. ####.## #.....#††.♣≈≈..~.~~♣♣.. #..#
#.....#†.♣♣≈...~.~♣♣##. ####.## #.....#.#♣♣♣≈.~~...♣♣P. ......#
#..........♣♣♣♣§..♣♣ ♣. .....#### #.....D..♣♣♣§§§..♣♣ ♣.
.....#..###........♣♣♣§§♣♣♣♣ ♣. ................(...♣♣§.♣ ♣.
...................♣♣..♣♣ ♣♣. Turn 12335 on Lair:2: fuck off

Levels and vault maps discovered:
D:1:      kilobyte_arrival_exit_the_forest, layout_loops_ring
D:2:      layout_loops_cross, ebering_ecumenical_altar_ruins, uniq_natasha
D:3:      layout_rooms, nemelex_spade_bored_becter
D:4:      layout_rooms, general_overflow_altar, nicolae_uskayaw_dance_hall,
          uniq_duvessa
D:5:      minmay_bubble_buster, layout_loops_corners, uniq_eustachio
D:6:      layout_basic, trog_wizard, jmf_multi_god_temple, minmay_between
D:7:      layout_basic, fedhas_altar_1, minmay_temple_entry_antechambers,
          minmay_misc_feat_secret_circle
D:8:      layout_cave_pools, hangedman_decor_slide_cut, hex_medium
D:9:      layout_cave_pools
D:10:     layout_loops_cross, roadster_trireme, uniq_urug, uniq_gastronok
D:11:     layout_basic, erik_lair_island,
          kennysheep_orc_monster_closet_entryway, special_room
          [special_room_kobold], dreamdust_wishing_well
D:12:     layout_irregular_city, uniq_nessos
D:13:     layout_loops_corners, hellmonk_vaults_keyhole,
          nicolae_trove_entry_columns
Lair:1:   layout_roguey, infiniplex_staircase_pool
Lair:2:   nzn_winding_woodlands_medium [nzn_winding_woodlands_5x5_three,
          nzn_winding_woodlands_5x15_pathside_ponds,
          nzn_winding_woodlands_5x5_perimeter, nzn_winding_woodlands_hourglass,
          nzn_winding_woodlands_center_garden,
          nzn_winding_woodlands_5x5_closed_star,
          nzn_winding_woodlands_5x5_checkerboard,
          nzn_winding_woodlands_5x15_cabin, nzn_winding_woodlands_5x5_cross],
          layout_chaotic_city, palyth_hydra_swamp_entry, lemuel_fruit_fields
Lair:3:   layout_small_grid, minmay_snake_entry_guardpost_medium
Lair:4:   layout_gridlike, minmay_slime_entry_pillars, beast_lair_carwin_9,
          serial_bayou_shore_a
Lair:5:   cheibrodos_lair_end_hotspot, layout_gridlike, ldierk_geyser

Skill      XL: |  1  2  3  4  5  6  7  8  9 10 11 12 13 |
---------------+----------------------------------------+-----
Unarmed Combat | 1 2 3 5 6 7 8 10 11 13 14 15 | 15.0
Fighting       | 1 2 3 4 5 7 8 11 12 | 12.0
Dodging        | 3 4 6 7 8 |  8.0
Throwing       | 2 6 9 11 | 11.4
Stealth        | 0 |  0.0
Evocations     | 1 3 |  3.8
Shields        | 1 |  1.2
Short Blades   | |  0.7
Spellcasting   | |  1.2
Hexes          | |  2.0

Action                     |  1- 3 |  4- 6 |  7- 9 | 10-12 | 13-15 || total
---------------------------+-------+-------+-------+-------+-------++-------
  Melee: Dagger            |   133 |    46 |       |       |       ||   179
         Punch             |     1 |     4 |    13 |    21 |       ||    39
         Short sword       |       |   202 |       |       |       ||   202
         Unarmed           |       |    29 |   273 |   972 |   228 ||  1502
  Throw: Dart              |       |     5 |       |    45 |    26 ||    76
         Javelin           |       |       |       |     7 |       ||     7
         Boomerang         |       |       |       |     4 |    14 ||    18
         Large rock        |       |       |       |    17 |     3 ||    20
 Invoke: Sacrifice Essence |     1 |       |     1 |     1 |       ||     3
         Sacrifice Love    |       |     1 |       |       |       ||     1
         Sacrifice Stealth |       |       |       |     1 |       ||     1
         Draw Out Power    |       |       |       |     1 |       ||     1
         Sacrifice Experie |       |       |       |     1 |       ||     1
         Apocalypse        |       |       |       |     1 |       ||     1
         Reject Sacrifices |       |       |       |     1 |       ||     1
  Evoke: Wand              |       |       |       |     1 |       ||     1
    Use: Potion            |       |     1 |       |     2 |       ||     3
         Scroll            |       |     3 |     1 |     8 |     4 ||    16
   Stab: Sleeping          |     2 |     4 |     3 |       |       ||     9
         Invisible         |       |       |     1 |    11 |     1 ||    13
         Distracted        |       |       |     1 |     1 |       ||     2
         Paralysed         |       |       |       |     1 |     3 ||     4
 Armour: Robe              |    83 |   172 |   118 |       |       ||   373
         Steam dragon scal |       |       |    33 |   447 |       ||   480
         Acid dragon scale |       |       |       |   212 |   155 ||   367
  Dodge: Dodged            |    67 |   170 |   122 |   416 |    75 ||   850
